 Dungeon Crawl Stone Soup version 0.24.0-1-gfbc8707122 (webtiles) character file.

Game seed: 11768048025559640460, levelgen mode: deterministic

123 Monsterracer the Covered (level 4, -4/42 HPs)
             Began as a Deep Dwarf Fighter on Oct 29, 2019.
             Slain by a gnoll
             ... wielding a +0 halberd
              (10 damage)
             ... on level 2 of the Dungeon.
             The game lasted 00:01:03 (1260 turns).

Monsterracer the Covered (Deep Dwarf Fighter)       Turns: 1260, Time: 00:01:04

Health: -4/42      AC:  7    Str: 21    XL:     4   Next: 80%
Magic:  3/3        EV:  7    Int:  8    God:
Gold:   34         SH:  0    Dex: 12    Spells: 3/3 levels left

rFire    . . .     SeeInvis .   a - +0 war axe
rCold    . . .     Gourm    .   f - +0 shield
rNeg     . . .     Faith    .   b - +0 scale mail
rPois    .         Spirit   .   (no helmet)
rElec    .         Reflect  .   (no cloak)
rCorr    .         Harm     .   (no gloves)
MR       .....                  (no boots)
Stlth    ..........             (no amulet)
HPRegen  0.00/turn              (no ring)
MPRegen  0.08/turn              (no ring)

@: confused, non-regenerating, lightly drained
A: damage resistance, heal wounds, sense surroundings 1, no regeneration
a: Heal Wounds


You were on level 2 of the Dungeon.
You were hungry.

You visited 1 branch of the dungeon, and saw 2 of its levels.

You collected 34 gold pieces.

Inventory:

Hand Weapons
 a - a +0 war axe (weapon)
Armour
 b - a +0 scale mail (worn)
 f - a +0 shield (worn)
Scrolls
 d - 2 scrolls of identify {unknown}
 e - a scroll of enchant weapon {unknown}
 i - a scroll of fog {unknown}
 k - a scroll of enchant armour {unknown}
 l - a scroll of remove curse {unknown}
Potions
 g - a potion of curing {unknown}
 h - a potion of lignification {unknown}
 j - 2 potions of might
 m - a potion of berserk rage {unknown}
 n - 3 potions of heal wounds {unknown}
 o - a potion of agility {unknown}
Comestibles
 c - 3 rations


   Skills:
 + Level 3.3(3.1) Fighting
 * Level 3.9(3.8) Axes
 + Level 4.0(3.9) Armour
 + Level 4.0(3.8) Shields


You had 3 spell levels left.
You didn't know any spells.
Your spell library was empty.

Dungeon Overview and Level Annotations

Branches:
Dungeon (2/15)

Altars:
Fedhas

Annotations:
D:2 1 runed translucent door, Crazy Yiuf, Sigmund


Innate Abilities, Weirdness & Mutations

You are resistant to damage.
You can heal yourself by infusing magical energy.
You passively map a small area around you.
You do not regenerate.


Message History

You are too injured to fight recklessly!
You are too injured to fight recklessly!
You are too injured to fight recklessly!
You are too injured to fight recklessly!
You are too injured to fight recklessly!
You are too injured to fight recklessly!
You are too injured to fight recklessly!
You are too injured to fight recklessly!
You are too injured to fight recklessly!
You are too injured to fight recklessly!
You are too injured to fight recklessly!
You are too injured to fight recklessly!
You are too injured to fight recklessly!
You are too injured to fight recklessly!
You are too injured to fight recklessly!
You feel much better. You block the quokka's attack.
The gnoll hits you with a +0 halberd.
Sigmund mumbles some strange words.
Sigmund flickers and vanishes!
Deactivating autopickup; reactivate with Ctrl-A.
The gnoll closely misses you. The gnoll hits you.
You slash the quokka!
You kill the quokka!
You hit the gnoll. x2; You block the gnoll's attack. x2
The gnoll hits you but does no damage.
A goblin comes into view. It is wielding a +0 club.
The goblin shouts!
You slash the gnoll!
You kill the gnoll!
Your base Armour skill increases to level 4!
You closely miss the giant cockroach. You hit the gnoll but do no damage.
You block the giant cockroach's attack. You block the gnoll's attack.
The gnoll hits you from afar with a +0 spear.
The giant cockroach bites you but does no damage.
You hit the gnoll but do no damage.
The gnoll is moderately wounded.
You hit the giant cockroach.
You kill the giant cockroach!
The gnoll hits you from afar with a +0 spear.
You block the gnoll's attack. Something hits you! You block the gnoll's attack.
You are too injured to fight recklessly!
You are too injured to fight recklessly!
You are too injured to fight recklessly!
You are too injured to fight recklessly!
You are too injured to fight recklessly!
You are too injured to fight recklessly!
You are too injured to fight recklessly!
You are too injured to fight recklessly!
You are too injured to fight recklessly!
You are too injured to fight recklessly!
You are too injured to fight recklessly!
You are too injured to fight recklessly!
You are too injured to fight recklessly!
The gnoll hits you with a +0 halberd. The gnoll barely misses you.
You see here a giant cockroach corpse.
You slash the gnoll!
You kill the gnoll!
Your base Shields skill increases to level 4!
You slash the gnoll! You miss something.
You hear some strange, mumbled words.
A puff of flame appears from out of thin air!
The puff of flame hits you. You block the gnoll's attack.
You hear some strange, mumbled words.
A puff of flame appears from out of thin air!
The puff of flame hits you.
You closely miss the goblin. You closely miss something.
You closely miss the gnoll. The gnoll closely misses you.
You block the goblin's attack.
You hear a splashing noise.
You hit the gnoll but do no damage.
The gnoll is severely wounded.
You hit the goblin. You completely miss something.
A bat comes into view.
You block the gnoll's attack. The goblin hits you but does no damage.
Something hits you!
* * * LOW HITPOINT WARNING * * *
* * * LOW HITPOINT WARNING * * *
The gnoll completely misses you.
Your magical essence is drained by the effort!
You feel much better. The goblin completely misses you.
You hit the goblin.
You kill the goblin!
You slash something! You completely miss the gnoll.
You hear some strange, mumbled words.
A magic dart appears from out of thin air!
The magic dart hits you. The gnoll closely misses you. The bat hits you.
Something hits you. The gnoll hits you with a +0 halberd!
You hit the gnoll.
The gnoll is almost dead.
You miss something. You barely miss the bat. The bat barely misses you.
The gnoll hits you with a +0 halberd!
* * * LOW HITPOINT WARNING * * *
You hear some strange, mumbled words.
You are confused.
You miss something.
Your shield prevents you from hitting the gnoll.
The bat closely misses you. Something hits you!
* * * LOW HITPOINT WARNING * * *
The gnoll hits you with a +0 halberd!
You die...

####.#.#.≈≈≈≈..P..≈≈≈≈.##
##.....#.≈≈≈≈♣P_PP≈≈≈≈..#
.......#.≈≈≈≈..P.P≈≈≈≈..#
##.#......≈≈≈≈.>.≈≈≈≈...#
#.######.≈≈≈≈≈≈≈≈≈≈()..#
#.# *..≈≈≈≈≈≈≈≈≈.(.## #.#
...≈≈≈≈≈≈≈.(..# #.#
#...≈{†g.....# ..#
,#....b@..#.### **.#
#....##..#.# ..... #..#.#
...., #..#.# * , .#.
...#.# ,, .. , .....^#
**. ##.#### * , * #.#
*#,# * ,


You could see a gnoll and a bat.

Vanquished Creatures
  Jessica (D:2)
  2 adders (D:2)
  2 gnolls (D:2)
  A dart slug (D:2)
  A leopard gecko (D:2)
  4 bats (D:1 D:2)
  5 giant cockroaches (D:1 D:2)
  8 goblins (D:1 D:2)
  8 hobgoblins (D:1 D:2)
  4 jackals (D:1)
  4 kobolds (D:1)
  2 quokkas (D:2)
  A ball python (D:2)
  4 frilled lizards (D:1 D:2)
  5 rats (D:1 D:2)
  A bush (D:2)
53 creatures vanquished.

Notes
Turn   | Place    | Note
-------+----------+-------------------------------------------
     0 | D:1      | Monsterracer the Deep Dwarf Fighter began the quest for the
                  | Orb.
     0 | D:1      | Reached XP level 1. HP: 20/20 MP: 1/1
   141 | D:1      | Reached XP level 2. HP: 14/27 MP: 2/2
   144 | D:1      | HP: 12/27 [frilled lizard (2)]
   317 | D:1      | Reached XP level 3. HP: 34/34 MP: 3/3
  1011 | D:2      | Found a runed translucent door.
  1012 | D:2      | Noticed Crazy Yiuf
  1063 | D:2      | Reached XP level 4. HP: 23/42 MP: 4/4
  1210 | D:2      | Found a blossoming altar of Fedhas.
  1231 | D:2      | Noticed Jessica
  1237 | D:2      | Killed Jessica
  1242 | D:2      | HP: 20/42 [gnoll/stone (3)]
  1247 | D:2      | HP: 16/42 [gnoll/+0 spear (4)]
  1248 | D:2      | Noticed Sigmund
  1252 | D:2      | HP: 21/42 [something (1)]
  1256 | D:2      | HP: 10/42 [something (5)]
  1260 | D:2      | Slain by a gnoll

Levels and vault maps discovered:
D:1:      dpeg_arrival_simpleton_b, layout_basic
D:2:      cheibrodos_helix_gallery, layout_loops_ring, fedhas_ov_isle_minmay,
          serial_forest, infiniplex_forest_straight_4,
          infiniplex_forest_lined_4_way, infiniplex_forest_clump_long,
          infiniplex_forest_clump_small, infiniplex_forest_clump_cross,
          infiniplex_forest_clump_diagonal, first_ration,
          uniq_crazy_yiuf_cottage, uniq_sigmund, uniq_jessica

Skill      XL: |  1  2  3  4 |
---------------+-------------+-----
Axes           | 3 |  3.9
Fighting       | 3 |  3.3
Armour         | 4 |  4.0
Shields        | 4 |  4.0

Action                   |  1- 3 |  4- 6 || total
-------------------------+-------+-------++-------
Melee: War axe           |   173 |    27 ||   200
 Abil: Heal Wounds       |     1 |     2 ||     3
  Eat: Chunk             |     1 |       ||     1
Armor: Scale mail        |    68 |    13 ||    81
Dodge: Dodged            |    51 |    16 ||    67
Block: Shield            |    98 |    25 ||   123
